 Dungeon Crawl Stone Soup version 0.31-a0-202-g547052bce9 (webtiles) character file.

Game seed: 11346075635785128269

144 qw the Skirmisher (level 5, -2/29 HPs)
             Began as a Deep Elf Hunter on June 26, 2023.
             Slain by a hound (3 damage)
             ... on level 3 of the Dungeon.
             The game lasted 00:00:46 (1542 turns).

qw the Skirmisher (Deep Elf Hunter)                 Turns: 1542, Time: 00:00:47

Health: -2/29      AC:  3    Str: 10    XL:     5   Next: 5%
Magic:  7/7        EV: 12    Int: 14    God:
Gold:   165        SH:  0    Dex: 18    Spells: 4/4 levels left

rFire   . . .        Y - +0 shortbow
rCold   . . .        (shield currently unavailable)
rNeg    . . .        c - +0 leather armour
rPois   .            (no helmet)
rElec   .            (no cloak)
rCorr   .            (no gloves)
SInv    .            (no boots)
Will    .....        (no amulet)
Stlth   ++           (no ring)
HPRegen 0.24/turn    (no ring)
MPRegen 0.10/turn

%: no passive effects
@: no status effects
A: no striking features
a: no special abilities


You were on level 3 of the Dungeon.
You visited 1 branch of the dungeon, and saw 3 of its levels.

You collected 165 gold pieces.


   Skills:
 - Level 1.5 Fighting
 + Level 8.4 Ranged Weapons
 - Level 2.4 Dodging
 - Level 1.2 Stealth


You had 4 spell levels left.
You didn't know any spells.
Your spell library was empty.

Inventory:

Hand Weapons
 Y - a +0 shortbow (weapon)
Armour
 c - a +0 leather armour (worn)
 g - a +0 ring mail
 i - a +2 hat
Scrolls
 e - a scroll of identify
 h - a scroll of amnesia {unknown}
Potions
 a - a potion of brilliance {unknown}
 b - a potion of curing
 d - a potion of degeneration {unknown}
 f - a potion of might {unknown}

Dungeon Overview and Level Annotations

Branches:
Dungeon (3/15)

Altars:


Message History

The orc misses you.
You shoot an arrow. The arrow hits the orc.
The orc is almost dead.
You shoot an arrow. The arrow closely misses the orc.
A hound comes into view.
The orc barely misses you.
An orc comes into view.
It is wielding a +0 dagger of protection.
The orc priest misses you.
You shoot an arrow. The orc shouts!
The arrow hits the orc.
You kill the orc!
You hear a shout!
The orc priest closely misses you.
You hear a shout!
You shoot an arrow. The arrow hits the orc priest.
The orc priest is lightly wounded.
The orc closely misses you.
The orc priest hits you but does no damage.
You shoot an arrow. The arrow hits the orc priest!
The orc priest is severely wounded.
The hound stops to sniff the ground.
The hound misses you. The orc hits you with a +0 club.
The orc priest hits you with a +0 short sword.
The giant cockroach closely misses you. The hound bites you but does no damage.
You shoot an arrow. The arrow hits the orc priest.
The orc priest is almost dead.
The hound bites you. The giant cockroach bites you.
The orc hits you with a +0 club.
The orc priest invokes the aid of Beogh against you.
Beogh smites you!
You shoot an arrow.
The arrow closely misses the orc priest.
The hound bites you. The giant cockroach misses you. The orc misses you.
The orc priest looks encouraged for a moment.
The hound barely misses you.
You shoot an arrow.
The arrow closely misses the orc priest.
The giant cockroach misses you. The hound bites you.
You die...

......[#..##### .
###..#..#.....# #.
##........###.# #?.
#.............#
#.##..######..#.##
###.....######..#.#
#.........##....#.#
.....oooB.##......#
#@)#####..#.#
###h..####....#
#.............#
###........#.##
#.#####....# ...#
###### ....## ####


You could see a hound, an orc priest, 2 orcs and a giant cockroach.

Vanquished Creatures
  Ijyb (D:3)
  4 adders
  A worm (D:2)
  6 orcs (D:3)
  5 endoplasms
  13 giant cockroaches
  6 goblins (D:1)
  5 hobgoblins
  3 jackals (D:3)
  3 quokkas
  A ball python (D:2)
  3 bats
  4 frilled lizards
  7 kobolds
  5 rats (D:1)
67 creatures vanquished.

Notes
Turn   | Place    | Note
-------+----------+-------------------------------------------
     0 | D:1      | qw the Deep Elf Hunter began the quest for the Orb.
     0 | D:1      | Reached XP level 1. HP: 12/12 MP: 3/3
     0 | D:1      | 0 ||| qw: Version: 0.3-a-22-g0ed2b0b
     0 | D:1      | 0 ||| qw: Game counter: 5845
     0 | D:1      | 0 ||| qw: Melee chars always use a shield: true
     0 | D:1      | 0 ||| qw: God list: Okawaru
     0 | D:1      | 0 ||| qw: Allow faded altars: false
     0 | D:1      | 0 ||| qw: Do Orc after clearing Dungeon:15 true
     0 | D:1      | 0 ||| qw: Do second Lair branch before Depths: true
     0 | D:1      | 0 ||| qw: Lair rune preference: random
     0 | D:1      | 0 ||| qw: Goals: Normal
     0 | D:1      | 0 ||| PLANNING D:1-11
   146 | D:1      | Reached XP level 2. HP: 16/16 MP: 4/4
   205 | D:1      | Reached skill level 6 in Ranged Weapons
   309 | D:1      | You fall into a shaft and drop 1 floor!
   391 | D:2      | Reached XP level 3. HP: 20/20 MP: 5/5
   423 | D:2      | Reached skill level 7 in Ranged Weapons
   519 | D:2      | 519 ||| READING scroll labelled DUIFEO LIMYLI.
   520 | D:2      | 520 ||| READING scroll labelled LETICU VASEWK.
   521 | D:2      | 521 ||| READING 2 scrolls labelled CYTOC ICIENGO.
   557 | D:2      | 557 ||| READING scroll labelled BOYS MAPEYRR.
   558 | D:2      | 558 ||| READING scroll labelled TUIQ ZAETEGG.
   559 | D:2      | 559 ||| DROPPING scroll of butterflies.
   560 | D:2      | 560 ||| DROPPING scroll of torment.
   566 | D:2      | 566 ||| FLEEEEING.
   567 | D:2      | 567 ||| FLEEEEING.
   568 | D:2      | 568 ||| STAIRDANCE
   896 | D:1      | 896 ||| READING 3 scrolls labelled VEOJUY QUISILO.
   897 | D:1      | 897 ||| DROPPING 2 scrolls of fog.
   947 | D:2      | Reached XP level 4. HP: 21/25 MP: 6/6
  1208 | D:2      | 1208 ||| READING scroll labelled KINLAS YDOJOU.
  1211 | D:2      | 1211 ||| READING 2 scrolls of identify.
  1211 | D:2      | 1211 ||| IDENTIFYING metallic yellow potion
  1344 | D:3      | Noticed Ijyb
  1356 | D:3      | Killed Ijyb
  1357 | D:3      | Reached skill level 8 in Ranged Weapons
  1504 | D:3      | Reached XP level 5. HP: 29/29 MP: 7/7
  1540 | D:3      | HP: 2/29 [orc priest/divine providence (10)]
  1542 | D:3      | Slain by a hound

Levels and vault maps discovered:
D:1:      dpeg_arrival_simpleton_b, layout_basic
D:2:      minmay_roachtagon, layout_rooms
D:3:      layout_rooms, serial_co_window_serial, co_window_of_opportunity_a,
          co_window_paths_b, co_window_corner_a, co_window_paths_a,
          co_window_of_opportunity_a, co_window_cross_1, co_window_corner_a,
          co_window_corner_ca, co_window_of_opportunity_b, co_window_broadway_c,
          glass_columns_a, glass_columns_c, glass_columns_a, hex_medium,
          hangedman_decor_growths, uniq_ijyb

Skill      XL: |  1  2  3  4 |
---------------+-------------+-----
Ranged Weapons | 6 7 8 |  8.4
Fighting       | |  1.5
Dodging        | |  2.4
Stealth        | |  1.2

Action                     |  1- 3 |  4- 6 || total
---------------------------+-------+-------++-------
   Fire: Shortbow          |   119 |    85 ||   204
    Use: Scroll            |     6 |     2 ||     8
 Armour: Leather armour    |    19 |     8 ||    27
  Dodge: Dodged            |    21 |    31 ||    52

Table legend:
 A = Non-vault XP
 B = Vault XP
 C = Vault XP percentage of total XP
 D = Non-vault monster count
 E = Vault monster count
 F = Vault count percentage of total count
                 A         B        C        D         E       F
            +---------+---------+-------+---------+---------+-------
      Total |     148 |      58 |  28.2 |      55 |      12 |  17.9
            +---------+---------+-------+---------+---------+-------
        D:1 |      36 |       0 |   0.0 |      23 |       0 |   0.0
        D:2 |      51 |      22 |  30.1 |      15 |      11 |  42.3
        D:3 |      61 |      36 |  37.1 |      17 |       1 |   5.6
            +---------+---------+-------+---------+---------+-------
